 Dungeon Crawl Stone Soup version 0.22-a0-445-g8c8ef71 (webtiles) character file.

898 George the Carver (level 7, -1/60 HPs)
             Began as a Minotaur Fighter on June 2, 2018.
             Was a Follower of Okawaru.
             Slain by an orc warrior
             ... wielding a +0 war axe
              (16 damage)
             ... on level 6 of the Dungeon.
             The game lasted 00:07:04 (4325 turns).

George the Carver (Minotaur Fighter)                Turns: 4325, Time: 00:07:04

Health: -1/60      AC: 12    Str: 28    XL:     7   Next: 79%
Magic:  7/7        EV:  6    Int:  5    God:    Okawaru [*.....]
Gold:   348        SH: 10    Dex:  9    Spells: 6/6 levels left

rFire    . . .     SeeInvis .   a - +0 long sword
rCold    . . .     Gourm    .   c - +0 shield
rNeg     . . .     Faith    .   e - +0 plate armour
rPois    .         Spirit   .   (helmet restricted)
rElec    .         Reflect  .   (no cloak)
rCorr    .         Harm     .   (no gloves)
MR       +....                  (no boots)
Stlth    ..........             (no amulet)
HPRegen  0.20/turn              r - +5 ring of slaying
MPRegen  0.10/turn              q - ring of protection from magic

@: mighty, slowed, very slow
A: retaliatory headbutt, horns 2
a: Heroism, Renounce Religion


You were on level 6 of the Dungeon.
You worshipped Okawaru.
Okawaru was aware of your devotion.
You were not hungry.

You visited 2 branches of the dungeon, and saw 7 of its levels.

You collected 348 gold pieces.

Inventory:

Hand Weapons
 a - a +0 long sword (weapon)
Armour
 c - a +0 shield (worn)
 e - a +0 plate armour (worn)
Jewellery
 h - an uncursed ring of positive energy
 i - an uncursed ring of fire
 q - a ring of protection from magic (right hand)
 r - a +5 ring of slaying (left hand)
Scrolls
 b - a scroll of enchant armour {unknown}
 g - 10 scrolls of remove curse {unknown}
 j - 5 scrolls of enchant weapon {unknown}
 k - 2 scrolls of immolation {unknown}
 p - 2 scrolls of teleportation {unknown}
 s - a scroll of noise {unknown}
 t - 2 scrolls of identify {unknown}
 u - a scroll of magic mapping {unknown}
 w - a scroll of blinking {unknown}
Potions
 d - 2 potions of might
 l - 4 potions of curing {unknown}
 m - 4 potions of degeneration {unknown}
 n - a potion of agility {unknown}
 o - a potion of haste {unknown}
 v - a potion of mutation {unknown}
 x - a potion of magic {unknown}
 z - a potion of lignification {unknown}
Comestibles
 f - 13 rations


   Skills:
 + Level 4.8 Fighting
 * Level 8.0 Long Blades
 + Level 4.9 Armour
 + Level 2.7 Dodging
 + Level 4.8 Shields
 + Level 2.4 Invocations


You had 6 spell levels left.
You didn't know any spells.
Your spell library was empty.

Dungeon Overview and Level Annotations

Branches:
Dungeon (6/15)             Temple (1/1) D:5

Altars:
Ashenzari
Cheibriados
Dithmenos
Elyvilon
Fedhas
Gozag
Hepliaklqana
Kikubaaqudgha
Makhleb
Okawaru
Qazlal
Ru
Sif Muna
Trog
Uskayaw
Vehumet
Xom
Yredelemnul
Zin
Jiyva


Innate Abilities, Weirdness & Mutations

You reflexively headbutt those who attack you in melee.
You have a pair of horns on your head.


Message History

You are too injured to fight recklessly!
You are too injured to fight recklessly!
You are too injured to fight recklessly!
You are too injured to fight recklessly!
You block the bullfrog's attack. The bullfrog barely misses you.
You feel very mighty all of a sudden. You block the bullfrog's attack.
The bullfrog hits you.
* * * LOW HITPOINT WARNING * * *
The orc warrior closely misses you. You furiously retaliate!
You headbutt the orc warrior.
You riposte.
You barely miss the orc warrior.
The orc warrior is lightly wounded.
Your shield and plate armour prevent you from hitting the orc warrior.
Your headbutt misses the orc warrior.
The orc warrior is lightly wounded.
The bullfrog hits you but does no damage.
You block the bullfrog's attack. The orc hits you but does no damage.
The orc barely misses you.
The orc warrior hits you with a war axe!
You die...

#.# #.############
#.#...........
#.#.###....... #.#.#
#.......
########'#.###.....(.
####............+.......
#....o.o......###.......
#....oF@................
#....##################.
#.... #. #.... #. #....
#. #.... #. #.... #.
#.... #. #.


You could see an orc warrior, a bullfrog and 2 orcs.

Vanquished Creatures
  Edmund (D:4)
  3 scorpions
  A howler monkey (D:5)
  2 quasits (D:5)
  2 hounds
  4 orc wizards
  Terence (D:2)
  A worker ant (D:4)
  A worker ant zombie (D:5)
  Robin (D:4)
  8 gnolls
  4 adders
  A shadow imp (D:5)
  3 oozes
  An adder skeleton (D:4)
  3 worms
  2 dart slugs
  4 leopard geckos
  14 orcs
  2 ball pythons
  2 giant cockroaches (D:1)
  18 goblins
  8 hobgoblins
  18 jackals
  6 kobolds
  2 quokkas
  3 bats
  3 frilled lizards
  A leopard gecko skeleton (D:5)
  A leopard gecko zombie (D:5)
  A quokka skeleton (D:4)
  9 rats
131 creatures vanquished.

Notes
Turn   | Place    | Note
-------+----------+-------------------------------------------
     0 | D:1      | George the Minotaur Fighter began the quest for the Orb.
     0 | D:1      | Reached XP level 1. HP: 19/19 MP: 0/0
    30 | D:1      | Reached skill level 3 in Long Blades
    64 | D:1      | Reached XP level 2. HP: 26/26 MP: 1/1
   352 | D:1      | Reached skill level 4 in Long Blades
   553 | D:1      | Reached XP level 3. HP: 29/31 MP: 2/2
  1025 | D:2      | Reached skill level 5 in Long Blades
  1042 | D:2      | Reached XP level 4. HP: 16/39 MP: 3/3
  1217 | D:2      | Reached skill level 6 in Long Blades
  1245 | D:2      | Found an iron altar of Okawaru.
  1256 | D:2      | Noticed Terence
  1262 | D:2      | Killed Terence
  1262 | D:2      | Reached XP level 5. HP: 39/45 MP: 4/4
  1402 | D:2      | Became a worshipper of Warmaster Okawaru
  1654 | D:2      | Found a hide-covered altar of Uskayaw.
  1786 | D:3      | Found a hazy altar of Hepliaklqana.
  2447 | D:4      | Noticed Robin
  2465 | D:4      | Reached XP level 6. HP: 46/52 MP: 5/5
  2472 | D:4      | Reached skill level 1 in Invocations
  2477 | D:4      | Killed Robin
  2477 | D:4      | Reached skill level 1 in Dodging
  2753 | D:4      | Reached skill level 7 in Long Blades
  2826 | D:4      | Found a shadowy altar of Dithmenos.
  3058 | D:4      | Noticed Edmund
  3083 | D:4      | Killed Edmund
  3083 | D:4      | Reached * piety under Okawaru
  3117 | D:5      | Entered Level 5 of the Dungeon
  3328 | D:5      | Reached XP level 7. HP: 45/60 MP: 7/7
  3445 | D:5      | Found a staircase to the Ecumenical Temple.
  3496 | Temple   | Entered the Ecumenical Temple
  4028 | D:5      | Found an opulent altar of Gozag.
  4031 | D:5      | Found a sacrificial altar of Ru.
  4036 | D:5      | Found a stormy altar of Qazlal.
  4037 | D:5      | Found a deep blue altar of Sif Muna.
  4037 | D:5      | Found a snail-covered altar of Cheibriados.
  4037 | D:5      | Found a blossoming altar of Fedhas.
  4214 | D:6      | Reached skill level 8 in Long Blades
  4325 | D:6      | Slain by an orc warrior

Vault maps used:
D:1:      lightli_arrival_quake, kennysheep_minor_cross
D:2:      okawaru_trees_2, lemuel_round_altar, first_ration, uniq_terence
D:3:      lemuel_round_altar
D:4:      nicolae_dithmenos_the_darkroom, uniq_edmund, uniq_robin
D:5:      grunt_temple_overflow_open, minmay_temple_entry_glassed_door
D:6:      serial_shops, nicolae_shop_overgrown_old_shop,
          nicolae_shop_statue_plus, kennysheep_mini_moat, shop, shop,
          roderic_batcave, kb_xom_exploding_sheep
Temple:   pf_slime_end_temple

Skill      XL: |  1  2  3  4  5  6  7 |
---------------+----------------------+-----
Long Blades    | 3 4 5 6 7 8 |  8.0
Armour         | 4 |  4.9
Invocations    | 1 2 |  2.4
Dodging        | 1 2 |  2.7
Fighting       | 4 |  4.8
Shields        | 4 |  4.8

Action                   |  1- 3 |  4- 6 |  7- 9 || total
-------------------------+-------+-------+-------++-------
Melee: Long sword        |   114 |   196 |    78 ||   388
       Headbutt          |    13 |    31 |    19 ||    63
  Use: Potion            |       |       |     1 ||     1
  Eat: Chunk             |     1 |     6 |     4 ||    11
Armor: Plate armour      |   104 |    85 |    57 ||   246
Dodge: Dodged            |    18 |    21 |    27 ||    66
Block: Shield            |    68 |    83 |    41 ||   192
       Rpst.: Long sword |     5 |     2 |     6 ||    13

Table legend:
 A = Spawn XP
 B = Non-spawn XP
 C = Spawn XP percentage of total XP
 D = Spawn monster count
 E = Non-spawn monster count
 F = Spawn count percentage of total count
 G = Total turns spent on level
                    A         B        C        D         E        F      G
               +---------+---------+-------+---------+---------+-------+---------
         Total |       0 |    1284 |   0.0 |       0 |     131 |   0.0 |  4325
               +---------+---------+-------+---------+---------+-------+---------
           D:1 |       0 |      45 |   0.0 |       0 |      21 |   0.0 |  1025
           D:2 |       0 |     206 |   0.0 |       0 |      36 |   0.0 |   746
           D:3 |       0 |      82 |   0.0 |       0 |      17 |   0.0 |   649
           D:4 |       0 |     326 |   0.0 |       0 |      23 |   0.0 |   697
           D:5 |       0 |     505 |   0.0 |       0 |      28 |   0.0 |   893
           D:6 |       0 |     120 |   0.0 |       0 |       6 |   0.0 |   193
               +---------+---------+-------+---------+---------+-------+---------
